[Event "Live Chess"]
[Site "Chess.com"]
[Date "2011.01.26"]
[Round "-"]
[White "hipposcottimus"]
[Black "paul31"]
[Result "0-1"]
[CurrentPosition "rn2k2r/pp3p2/3p3q/2pPp3/4P3/3P1PP1/PP6/R2Q1BK1 b kq -"]
[Timezone "UTC"]
[ECO "B20"]
[ECOUrl "https://www.chess.com/openings/Sicilian-Defense-Staunton-Cochrane-Variation"]
[UTCDate "2011.01.26"]
[UTCTime "00:19:05"]
[WhiteElo "1425"]
[BlackElo "1474"]
[TimeControl "120+8"]
[Termination "paul31 won by resignation"]
[StartTime "00:19:05"]
[EndDate "2011.01.26"]
[EndTime "00:22:42"]
[Link "https://www.chess.com/game/live/91394774"]

1. e4 c5 2. c4 Nf6 3. d3 d6 4. Bg5 e5 5. Nf3 h6 6. Bh4 g5 7. Nxg5 hxg5 8. Bxg5 Be7 9. Nc3 Nh7 10. Bxe7 Qxe7 11. Nd5 Qd8 12. Be2 Nf6 13. O-O Nxd5 14. cxd5 Qh4 15. h3 Bxh3 16. g3 Qh6 17. f3 Bxf1 18. Bxf1 0-1

[Event "Live Chess"]
[Site "Chess.com"]
[Date "2011.01.25"]
[Round "-"]
[White "hipposcottimus"]
[Black "AmineImad"]
[Result "1-0"]
[CurrentPosition "Q5nB/ppk2p2/3p3p/2pq1Pp1/8/8/P5PP/1N2R2K b - -"]
[Timezone "UTC"]
[ECO "C51"]
[ECOUrl "https://www.chess.com/openings/Giuoco-Piano-Game-Evans-Gambit"]
[UTCDate "2011.01.25"]
[UTCTime "20:09:59"]
[WhiteElo "1651"]
[BlackElo "1387"]
[TimeControl "60"]
[Termination "hipposcottimus won on time"]
[StartTime "20:09:59"]
[EndDate "2011.01.25"]
[EndTime "20:12:11"]
[Link "https://www.chess.com/game/live/91327074"]

1. e4 e5 2. Nf3 Nc6 3. Bc4 Bc5 4. b4 Nxb4 5. c3 Nc6 6. O-O Qf6 7. d4 exd4 8. Bg5 Qg6 9. cxd4 Bb6 10. e5 h6 11. Bd3 Qh5 12. Bh4 g5 13. Bg3 Nxd4 14. Nxd4 Bxd4 15. Be2 Qg6 16. Bd3 Qe6 17. Kh1 Bxa1 18. f4 Bxe5 19. f5 Qd6 20. Re1 Kd8 21. Bxe5 Qd5 22. Bxh8 d6 23. Qe2 Bd7 24. Bb5 c5 25. Bxd7 Kxd7 26. Qb5+ Kd8 27. Qe8+ Kc7 28. Qxa8 1-0

[Event "Live Chess"]
[Site "Chess.com"]
[Date "2011.01.25"]
[Round "-"]
[White "NikolaP"]
[Black "hipposcottimus"]
[Result "0-1"]
[CurrentPosition "6k1/p5pp/2p1pn2/1r6/1P6/P2P4/4KPPP/RNr2B1R w - -"]
[Timezone "UTC"]
[ECO "C44"]
[ECOUrl "https://www.chess.com/openings/Dresden-Opening-3...Nf6"]
[UTCDate "2011.01.25"]
[UTCTime "20:07:28"]
[WhiteElo "1200"]
[BlackElo "1648"]
[TimeControl "60"]
[Termination "hipposcottimus won on time"]
[StartTime "20:07:28"]
[EndDate "2011.01.25"]
[EndTime "20:09:25"]
[Link "https://www.chess.com/game/live/91326396"]

1. e4 e5 2. Nf3 Nc6 3. c4 Nf6 4. d3 d5 5. exd5 Nb4 6. Bd2 Nbxd5 7. cxd5 Qxd5 8. Qa4+ Bd7 9. Qc4 Qd6 10. a3 Be7 11. Bb4 c5 12. Bc3 O-O 13. Bxe5 Qc6 14. Ng5 Be6 15. Nxe6 fxe6 16. Qe4 Bd6 17. Qxc6 bxc6 18. Bxd6 Rfd8 19. Bxc5 Rd5 20. Bb4 Rb8 21. Bc5 Rxc5 22. b4 Rc1+ 23. Ke2 Rb5 0-1

[Event "Live Chess"]
[Site "Chess.com"]
[Date "2011.01.25"]
[Round "-"]
[White "hipposcottimus"]
[Black "raghurockseee"]
[Result "1-0"]
[CurrentPosition "2Q1k2r/p3ppbp/3p2p1/8/8/P1N5/1P3PPP/R1B2RK1 b kq -"]
[Timezone "UTC"]
[ECO "B02"]
[ECOUrl "https://www.chess.com/openings/Alekhines-Defense-Two-Pawns-Attack"]
[UTCDate "2011.01.25"]
[UTCTime "20:05:02"]
[WhiteElo "1648"]
[BlackElo "1145"]
[TimeControl "60"]
[Termination "hipposcottimus won by checkmate"]
[StartTime "20:05:02"]
[EndDate "2011.01.25"]
[EndTime "20:06:32"]
[Link "https://www.chess.com/game/live/91325683"]

1. e4 Nf6 2. e5 Nd5 3. c4 Nb4 4. a3 N4c6 5. d4 d6 6. d5 Nxe5 7. Nf3 Nxf3+ 8. Qxf3 Qd7 9. Be2 c6 10. O-O cxd5 11. cxd5 g6 12. Nc3 Bg7 13. Bb5 Nc6 14. dxc6 bxc6 15. Bxc6 Qxc6 16. Qxc6+ Bd7 17. Qxa8+ Bc8 18. Qxc8# 1-0

[Event "Live Chess"]
[Site "Chess.com"]
[Date "2011.01.25"]
[Round "-"]
[White "ivica01"]
[Black "hipposcottimus"]
[Result "1-0"]
[CurrentPosition "8/8/2P5/8/2Q5/1P1P1K2/3kR3/8 b - -"]
[Timezone "UTC"]
[ECO "C50"]
[ECOUrl "https://www.chess.com/openings/Italian-Game"]
[UTCDate "2011.01.25"]
[UTCTime "19:50:27"]
[WhiteElo "1605"]
[BlackElo "1432"]
[TimeControl "480"]
[Termination "ivica01 won on time"]
[StartTime "19:50:27"]
[EndDate "2011.01.25"]
[EndTime "20:02:49"]
[Link "https://www.chess.com/game/live/91321083"]

1. e4 e5 2. Bc4 Nc6 3. Nf3 Nf6 4. d3 d5 5. exd5 Nxd5 6. Ng5 Be7 7. Nxf7 Kxf7 8. Qf3+ Bf6 9. Qxd5+ Kg6 10. Qf3 Re8 11. O-O Be6 12. Bxe6 Rxe6 13. Nc3 Kf7 14. Qh5+ Kg8 15. Ne4 Bh4 16. Bg5 Bxg5 17. Qxg5 Qf8 18. f4 Nd4 19. fxe5 Ne2+ 20. Kh1 Qe8 21. Nf6+ Rxf6 22. exf6 Qd7 23. fxg7 Qd6 24. Rf8+ Rxf8 25. gxf8=Q+ Kxf8 26. Rf1+ Ke8 27. Qe3+ Qe7 28. Qxe7+ Kxe7 29. Re1 c5 30. Rxe2+ Kd6 31. g4 b5 32. h4 a5 33. Kg2 a4 34. Kf3 b4 35. b3 axb3 36. axb3 Kd5 37. Re4 h6 38. g5 hxg5 39. hxg5 c4 40. bxc4+ Kd6 41. g6 b3 42. cxb3 Kc5 43. g7 Kb4 44. g8=Q Kc5 45. Re5+ Kd4 46. Qd5+ Kc3 47. c5 Kb4 48. c6 Kc3 49. Qc4+ Kd2 50. Re2+ 1-0

[Event "Live Chess"]
[Site "Chess.com"]
[Date "2011.01.25"]
[Round "-"]
[White "hipposcottimus"]
[Black "himath2009"]
[Result "0-1"]
[CurrentPosition "r1b1k2r/1pqp1ppp/p2bp3/8/1nP2P2/1BP5/P2BN1PP/R2QK2R b KQkq -"]
[Timezone "UTC"]
[ECO "B41"]
[ECOUrl "https://www.chess.com/openings/Sicilian-Defense-Kan-Variation"]
[UTCDate "2011.01.25"]
[UTCTime "15:21:26"]
[WhiteElo "1436"]
[BlackElo "1544"]
[TimeControl "600"]
[Termination "himath2009 won by resignation"]
[StartTime "15:21:26"]
[EndDate "2011.01.25"]
[EndTime "15:24:56"]
[Link "https://www.chess.com/game/live/91244570"]

1. e4 c5 2. Nf3 e6 3. d4 cxd4 4. Nxd4 a6 5. Bc4 Qc7 6. Bb3 Nf6 7. Nc3 Bb4 8. Ne2 Nxe4 9. Bd2 Nxc3 10. bxc3 Bd6 11. f4 Nc6 12. c4 Nb4 13. c3 0-1

[Event "Live Chess"]
[Site "Chess.com"]
[Date "2011.01.25"]
[Round "-"]
[White "lejitico"]
[Black "hipposcottimus"]
[Result "0-1"]
[CurrentPosition "8/3r1kpp/5p2/2Qbp3/8/3PP2P/6qK/R7 w - -"]
[Timezone "UTC"]
[ECO "A10"]
[ECOUrl "https://www.chess.com/openings/English-Opening-Jaenisch-Gambit"]
[UTCDate "2011.01.25"]
[UTCTime "15:06:59"]
[WhiteElo "1334"]
[BlackElo "1436"]
[TimeControl "600+5"]
[Termination "hipposcottimus won by checkmate"]
[StartTime "15:06:59"]
[EndDate "2011.01.25"]
[EndTime "15:18:38"]
[Link "https://www.chess.com/game/live/91240734"]

1. c4 b5 2. e3 d5 3. cxb5 c6 4. bxc6 Nxc6 5. Bb5 Bd7 6. Qf3 Nf6 7. Nc3 e6 8. Nge2 Bc5 9. O-O O-O 10. a3 a5 11. b3 Ne8 12. Bb2 Nc7 13. Bxc6 Bxc6 14. b4 axb4 15. axb4 Bxb4 16. Rxa8 Bxa8 17. Nd4 e5 18. Ndb5 d4 19. Qg4 dxc3 20. Qxb4 cxb2 21. Qxb2 f6 22. Nxc7 Qxc7 23. Ra1 Rb8 24. Qa2+ Kf8 25. Qa3+ Ke8 26. Qa4+ Bc6 27. Qg4 Qb7 28. h3 Bd5 29. Kh2 Qb2 30. Qa4+ Kf7 31. Qa7+ Rb7 32. Qa5 Rd7 33. d3 Qxf2 34. Qc5 Qxg2# 0-1

[Event "Live Chess"]
[Site "Chess.com"]
[Date "2011.01.25"]
[Round "-"]
[White "hipposcottimus"]
[Black "TheTenant"]
[Result "1-0"]
[CurrentPosition "r6Q/1p2rk2/pn4B1/3p4/3P1q1b/P7/4RP1P/6RK b - -"]
[Timezone "UTC"]
[ECO "C51"]
[ECOUrl "https://www.chess.com/openings/Giuoco-Piano-Game-Evans-Accepted-Anderssen-Variation"]
[UTCDate "2011.01.25"]
[UTCTime "01:51:01"]
[WhiteElo "1430"]
[BlackElo "1668"]
[TimeControl "600+5"]
[Termination "hipposcottimus won by checkmate"]
[StartTime "01:51:01"]
[EndDate "2011.01.25"]
[EndTime "02:15:28"]
[Link "https://www.chess.com/game/live/91066654"]

1. e4 e5 2. Nf3 Nc6 3. Bc4 Bc5 4. b4 Bxb4 5. c3 Be7 6. O-O Nf6 7. Re1 O-O 8. a3 Na5 9. Ba2 d6 10. d4 exd4 11. cxd4 Bg4 12. Bd2 c6 13. Bc3 Re8 14. Qd3 Nd7 15. Nbd2 c5 16. Bb1 c4 17. Nxc4 Nxc4 18. Qxc4 Bxf3 19. gxf3 Bh4 20. Re2 Qg5+ 21. Kh1 Qf4 22. Qd3 a6 23. Bc2 g6 24. Bd2 Qf6 25. Rg1 Qe7 26. Bh6 d5 27. e5 Nb6 28. e6 f5 29. Qxf5 Qf6 30. Qh5 Kh8 31. Bg7+ Kxg7 32. f4 Kf8 33. Qxh7 Qxf4 34. e7+ Rxe7 35. Qh8+ Kf7 36. Bxg6# 1-0

[Event "Live Chess"]
[Site "Chess.com"]
[Date "2011.01.25"]
[Round "-"]
[White "goatfarmer77"]
[Black "hipposcottimus"]
[Result "0-1"]
[CurrentPosition "3r1r1k/p5p1/2P5/4p2K/7P/1Q4P1/P2q2b1/2R2R2 b - -"]
[Timezone "UTC"]
[ECO "D02"]
[ECOUrl "https://www.chess.com/openings/Queens-Pawn-Opening-Zukertort-Variation"]
[UTCDate "2011.01.25"]
[UTCTime "01:39:38"]
[WhiteElo "1398"]
[BlackElo "1416"]
[TimeControl "600"]
[Termination "hipposcottimus won by resignation"]
[StartTime "01:39:38"]
[EndDate "2011.01.25"]
[EndTime "01:49:47"]
[Link "https://www.chess.com/game/live/91063938"]

1. d4 d5 2. Nf3 f5 3. Nc3 Nf6 4. Bf4 Ne4 5. e3 e6 6. Nb5 Bd6 7. Nxd6+ cxd6 8. Bb5+ Nc6 9. O-O O-O 10. Bxc6 bxc6 11. c3 c5 12. h4 Nf6 13. Bg5 h6 14. Bxf6 Qxf6 15. g3 e5 16. dxe5 dxe5 17. b4 Bb7 18. bxc5 f4 19. Qb3 fxg3 20. fxg3 Bc6 21. e4 Rad8 22. exd5 Bxd5 23. c4 Bxf3 24. c6 Qxc6 25. c5+ Kh8 26. Rac1 Qd7 27. c6 Qd4+ 28. Kh2 Qd2+ 29. Kh3 Bg2+ 30. Kg4 h5+ 31. Kxh5 0-1

[Event "Live Chess"]
[Site "Chess.com"]
[Date "2011.01.24"]
[Round "-"]
[White "dzimislaff"]
[Black "hipposcottimus"]
[Result "1-0"]
[CurrentPosition "r1bQnrk1/p5pp/2p2p2/2b5/4p3/P1N1PN1P/5PPB/R4RK1 b - -"]
[Timezone "UTC"]
[ECO "D10"]
[ECOUrl "https://www.chess.com/openings/Slav-Defense-3.Nc3"]
[UTCDate "2011.01.24"]
[UTCTime "20:48:27"]
[WhiteElo "1556"]
[BlackElo "1408"]
[TimeControl "360+5"]
[Termination "dzimislaff won by resignation"]
[StartTime "20:48:27"]
[EndDate "2011.01.24"]
[EndTime "20:50:35"]
[Link "https://www.chess.com/game/live/90988373"]

1. d4 d5 2. c4 c6 3. Nc3 Nd7 4. Bf4 e6 5. a3 Ngf6 6. e3 Be7 7. h3 O-O 8. Nf3 Ne8 9. c5 b6 10. b4 bxc5 11. bxc5 Nxc5 12. dxc5 Bxc5 13. Bd3 f6 14. O-O e5 15. Bh2 e4 16. Bxe4 dxe4 17. Qxd8 1-0

[Event "Live Chess"]
[Site "Chess.com"]
[Date "2011.01.24"]
[Round "-"]
[White "neverm1nd"]
[Black "hipposcottimus"]
[Result "1-0"]
[CurrentPosition "5r1k/pp2P1pp/1b1r4/2p1n3/8/P6P/BPP3P1/1K1R3R w - -"]
[Timezone "UTC"]
[ECO "C31"]
[ECOUrl "https://www.chess.com/openings/Kings-Gambit-Declined-Falkbeer-Countergambit"]
[UTCDate "2011.01.24"]
[UTCTime "06:24:28"]
[WhiteElo "1427"]
[BlackElo "1418"]
[TimeControl "600"]
[Termination "neverm1nd won by resignation"]
[StartTime "06:24:28"]
[EndDate "2011.01.24"]
[EndTime "06:29:11"]
[Link "https://www.chess.com/game/live/90778422"]

1. e4 e5 2. f4 d5 3. fxe5 dxe4 4. Nc3 f5 5. d3 Nc6 6. Bf4 Bb4 7. dxe4 fxe4 8. Qxd8+ Nxd8 9. Ne2 Nc6 10. O-O-O Nge7 11. Nxe4 Bg4 12. h3 Bxe2 13. Bxe2 O-O 14. Bh2 Ng6 15. a3 Ba5 16. Bc4+ Kh8 17. e6 Bb6 18. Kb1 Nce5 19. Bd5 c6 20. Ba2 c5 21. Nd6 Rad8 22. Bxe5 Nxe5 23. e7 Rxd6 1-0

[Event "Live Chess"]
[Site "Chess.com"]
[Date "2011.01.24"]
[Round "-"]
[White "hipposcottimus"]
[Black "football_22"]
[Result "0-1"]
[CurrentPosition "8/kpKr2R1/p7/1r6/8/8/8/8 w - -"]
[Timezone "UTC"]
[ECO "C41"]
[ECOUrl "https://www.chess.com/openings/Philidor-Defense-Exchange-Variation-4.Nxd4"]
[UTCDate "2011.01.24"]
[UTCTime "04:20:35"]
[WhiteElo "1426"]
[BlackElo "1417"]
[TimeControl "300+10"]
[Termination "football_22 won by resignation"]
[StartTime "04:20:35"]
[EndDate "2011.01.24"]
[EndTime "04:48:25"]
[Link "https://www.chess.com/game/live/90754652"]

1. e4 e5 2. Nf3 d6 3. d4 exd4 4. Nxd4 h6 5. c4 Nf6 6. Bd3 Qe7 7. O-O c5 8. Nf5 Qe5 9. f4 Qe6 10. Nc3 g6 11. Nd5 Na6 12. Nxf6+ Qxf6 13. e5 Qe6 14. exd6 Kd7 15. Qa4+ Kd8 16. Ng3 Qxd6 17. Be3 Bd7 18. Qa5+ Kc8 19. Rad1 Qe6 20. Ne4 Be7 21. Bxc5 Nxc5 22. Nxc5 Qe3+ 23. Kh1 Bxc5 24. Rfe1 Qxf4 25. Qxc5+ Kb8 26. Be4 Rc8 27. Qd5 Bc6 28. Qd6+ Qxd6 29. Rxd6 a6 30. Bc2 Ka7 31. Red1 Re8 32. h3 Be4 33. Bxe4 Rxe4 34. Rd7 Rxc4 35. Rxf7 Kb6 36. b3 Rc2 37. a3 Re8 38. Rdd7 Rb8 39. a4 Rb2 40. Rd3 g5 41. Rf6+ Ka7 42. Rxh6 Rg8 43. Rh7 g4 44. Kh2 gxh3 45. Kxh3 Rbxg2 46. Rdd7 R2g3+ 47. Kh4 Rxb3 48. Rhg7 Rh8+ 49. Kg4 Rb4+ 50. Kf5 Rh5+ 51. Kg6 Ra5 52. Kf6 Raxa4 53. Ke6 Rb6+ 54. Kd5 Ra5+ 55. Kc4 Ra4+ 56. Kd5 Rb5+ 57. Kd6 Rd4+ 58. Kc7 Rxd7+ 0-1

[Event "Live Chess"]
[Site "Chess.com"]
[Date "2011.01.24"]
[Round "-"]
[White "hipposcottimus"]
[Black "dickensian"]
[Result "0-1"]
[CurrentPosition "8/3rk1r1/P6R/4p3/2pb4/8/6PP/R6K b - -"]
[Timezone "UTC"]
[ECO "B07"]
[ECOUrl "https://www.chess.com/openings/Pirc-Defense-2.d4-Nf6-3.Bd3-g6"]
[UTCDate "2011.01.24"]
[UTCTime "01:58:23"]
[WhiteElo "1435"]
[BlackElo "1435"]
[TimeControl "120+12"]
[Termination "dickensian won by resignation"]
[StartTime "01:58:23"]
[EndDate "2011.01.24"]
[EndTime "02:15:05"]
[Link "https://www.chess.com/game/live/90725175"]

1. e4 d6 2. d4 Nf6 3. Bd3 g6 4. c4 Bg7 5. f4 c5 6. e5 dxe5 7. fxe5 Nfd7 8. e6 fxe6 9. Qg4 Nf6 10. Qh4 Qxd4 11. Bxg6+ hxg6 12. Qg5 Qe4+ 13. Be3 Qf5 14. Nf3 Qxg5 15. Nxg5 b6 16. O-O Nc6 17. Nc3 O-O 18. Rae1 Nd4 19. Nb5 Nc2 20. Re2 Nxe3 21. Rxe3 Bd7 22. Nxe6 Bxe6 23. Rxe6 Rf7 24. Rfe1 a6 25. Nc7 Ra7 26. Nd5 Nxd5 27. cxd5 Bxb2 28. Rxg6+ Rg7 29. Rge6 Bd4+ 30. Kh1 Rd7 31. Rxb6 Rxd5 32. Rxa6 Rd7 33. Rd1 Kf7 34. a4 e6 35. a5 e5 36. Rh6 Ke7 37. a6 c4 38. Ra1 0-1

[Event "Live Chess"]
[Site "Chess.com"]
[Date "2011.01.24"]
[Round "-"]
[White "dickensian"]
[Black "hipposcottimus"]
[Result "1-0"]
[CurrentPosition "Q7/3N4/3Q4/2Q5/8/3k4/8/5K2 b - -"]
[Timezone "UTC"]
[ECO "D00"]
[ECOUrl "https://www.chess.com/openings/Queens-Pawn-Opening-Blackmar-Diemer-Vienna-Variation"]
[UTCDate "2011.01.24"]
[UTCTime "01:38:28"]
[WhiteElo "1427"]
[BlackElo "1443"]
[TimeControl "120+12"]
[Termination "dickensian won by checkmate"]
[StartTime "01:38:28"]
[EndDate "2011.01.24"]
[EndTime "01:56:58"]
[Link "https://www.chess.com/game/live/90720935"]

1. d4 d5 2. e4 dxe4 3. Nc3 Nf6 4. f3 Bf5 5. Qe2 Nc6 6. Qb5 e6 7. fxe4 Bxe4 8. Nxe4 Nxe4 9. Bd3 Nd6 10. Qg5 Nxd4 11. Qxd8+ Rxd8 12. Be3 N6f5 13. Bxf5 Nxf5 14. Bf2 b6 15. Nf3 Bc5 16. O-O Bd6 17. a4 O-O 18. a5 Ne7 19. axb6 axb6 20. Ra7 f5 21. Re1 Rf6 22. Bh4 Rh6 23. Bg5 Rg6 24. Rd1 h6 25. Bxe7 Bxe7 26. Rxd8+ Bxd8 27. Ra8 Kh7 28. Rxd8 c6 29. Rd6 h5 30. Rxc6 h4 31. Nxh4 Rg4 32. Nf3 Rb4 33. b3 Kh6 34. Rxe6+ g6 35. Ne5 Kg5 36. Rxg6+ Kf4 37. Nc4 Ke4 38. Rxb6 Rxb6 39. Nxb6 Ke3 40. Kf1 f4 41. h4 f3 42. gxf3 Kxf3 43. h5 Ke3 44. h6 Kd2 45. h7 Kc3 46. h8=Q+ Kd2 47. c4 Kd3 48. c5 Kd2 49. c6 Kd3 50. c7 Kd2 51. Qd4+ Kc1 52. c8=Q+ Kb1 53. b4 Ka2 54. b5 Kb3 55. Nd7 Ka2 56. b6 Ka3 57. b7 Ka2 58. Qa8+ Kb1 59. b8=Q+ Kc2 60. Qc5+ Kd3 61. Qbd6# 1-0

[Event "Live Chess"]
[Site "Chess.com"]
[Date "2011.01.24"]
[Round "-"]
[White "rasheed13"]
[Black "hipposcottimus"]
[Result "0-1"]
[CurrentPosition "r4rk1/pbp2ppp/1p6/8/3q4/P2P1P2/1PP2nPP/RNBQR2K w - -"]
[Timezone "UTC"]
[ECO "C44"]
[ECOUrl "https://www.chess.com/openings/Kings-Pawn-Opening-Kings-Knight-Variation-2...Nc6"]
[UTCDate "2011.01.24"]
[UTCTime "01:18:46"]
[WhiteElo "1309"]
[BlackElo "1452"]
[TimeControl "600"]
[Termination "hipposcottimus won by resignation"]
[StartTime "01:18:46"]
[EndDate "2011.01.24"]
[EndTime "01:23:40"]
[Link "https://www.chess.com/game/live/90716625"]

1. e4 e5 2. Nf3 Nc6 3. Bd3 Nf6 4. O-O d5 5. exd5 Ne7 6. Nxe5 Nexd5 7. Re1 Be7 8. Bc4 O-O 9. a3 b6 10. Nc6 Qd6 11. Nxe7+ Nxe7 12. Qe2 Ned5 13. Bxd5 Qxd5 14. Qd1 Bb7 15. f3 Ng4 16. d3 Qd4+ 17. Kh1 Nf2+ 0-1

[Event "Live Chess"]
[Site "Chess.com"]
[Date "2011.01.24"]
[Round "-"]
[White "hipposcottimus"]
[Black "rasheed13"]
[Result "1-0"]
[CurrentPosition "1R2k3/R4r2/8/8/2b5/4K3/8/8 b - -"]
[Timezone "UTC"]
[ECO "C55"]
[ECOUrl "https://www.chess.com/openings/Italian-Game-Anti-Fried-Liver-Defense"]
[UTCDate "2011.01.24"]
[UTCTime "01:03:22"]
[WhiteElo "1447"]
[BlackElo "1314"]
[TimeControl "600"]
[Termination "hipposcottimus won by checkmate"]
[StartTime "01:03:22"]
[EndDate "2011.01.24"]
[EndTime "01:18:29"]
[Link "https://www.chess.com/game/live/90713416"]

1. e4 e5 2. Nf3 Nc6 3. Bc4 h6 4. d4 exd4 5. Nxd4 Nxd4 6. Qxd4 Nf6 7. Nc3 d6 8. f4 c6 9. O-O Be7 10. f5 O-O 11. Qf2 d5 12. exd5 Nxd5 13. Qg3 Bg5 14. Bxd5 cxd5 15. f6 gxf6 16. h4 Qb6+ 17. Kh1 Qa6 18. Rg1 d4 19. Ne4 Kg7 20. hxg5 hxg5 21. Nxg5 fxg5 22. Bxg5 Rh8+ 23. Bh4+ Kf8 24. Rge1 Qh6 25. Kg1 Qxh4 26. Qd6+ Kg7 27. Qe5+ Qf6 28. Qg3+ Kf8 29. Rf1 Qb6 30. Rf2 Be6 31. b3 a5 32. a4 Rc8 33. Re1 Rg8 34. Qe5 Re8 35. Rd1 d3 36. Rxd3 Bc4 37. Qd6+ Qxd6 38. Rxd6 Be6 39. Rb6 Bd5 40. b4 Re1+ 41. Kh2 Rh8+ 42. Kg3 Rg8+ 43. Kh2 Rh8+ 44. Kg3 Rg1 45. bxa5 Rg8+ 46. Kh2 Bxg2 47. Kxg1 Bc6+ 48. Kf1 Bxa4 49. Rxb7 Bxc2 50. Rfxf7+ Ke8 51. a6 Bd3+ 52. Kf2 Bxa6 53. Ra7 Bc4 54. Rfb7 Rf8+ 55. Ke3 Rf7 56. Rb8# 1-0

[Event "Live Chess"]
[Site "Chess.com"]
[Date "2011.01.24"]
[Round "-"]
[White "hipposcottimus"]
[Black "tickles0815"]
[Result "0-1"]
[CurrentPosition "5rk1/6pp/3p4/1B6/P1Pp4/5P2/3r2qP/1Q2R2K w - -"]
[Timezone "UTC"]
[ECO "B20"]
[ECOUrl "https://www.chess.com/openings/Sicilian-Defense"]
[UTCDate "2011.01.24"]
[UTCTime "00:26:55"]
[WhiteElo "1442"]
[BlackElo "1544"]
[TimeControl "300+5"]
[Termination "tickles0815 won by checkmate"]
[StartTime "00:26:55"]
[EndDate "2011.01.24"]
[EndTime "00:37:48"]
[Link "https://www.chess.com/game/live/90705399"]

1. e4 c5 2. Bb5 a6 3. Be2 d6 4. c4 Nc6 5. Nf3 e5 6. d3 f5 7. exf5 Bxf5 8. Nc3 Nf6 9. Bg5 Be7 10. Bxf6 Bxf6 11. O-O O-O 12. Nd5 Ne7 13. Ne3 Be6 14. Qe1 Nc6 15. a3 Nd4 16. b4 Nxf3+ 17. Bxf3 e4 18. Bxe4 Bxa1 19. Bxb7 Rb8 20. Bxa6 Bd4 21. Nc2 Bf5 22. Nxd4 cxd4 23. Qd2 Qf6 24. a4 Bxd3 25. Qxd3 Rxb4 26. Bb5 Rb2 27. f3 Qf4 28. Kh1 Rd2 29. Qb3 Qe3 30. Qb1 Qe2 31. Re1 Qxg2# 0-1

[Event "Live Chess"]
[Site "Chess.com"]
[Date "2011.01.24"]
[Round "-"]
[White "tickles0815"]
[Black "hipposcottimus"]
[Result "1-0"]
[CurrentPosition "6k1/p1r1R1pp/1b6/1P2Bp2/8/8/5PPP/R5K1 w - -"]
[Timezone "UTC"]
[ECO "C61"]
[ECOUrl "https://www.chess.com/openings/Ruy-Lopez-Opening-Birds-Defense"]
[UTCDate "2011.01.24"]
[UTCTime "00:13:03"]
[WhiteElo "1544"]
[BlackElo "1442"]
[TimeControl "300+5"]
[Termination "tickles0815 won by resignation"]
[StartTime "00:13:03"]
[EndDate "2011.01.24"]
[EndTime "00:26:50"]
[Link "https://www.chess.com/game/live/90702239"]

1. e4 e5 2. Nf3 Nc6 3. Bb5 Nd4 4. a4 Nxb5 5. axb5 c6 6. Nc3 d5 7. bxc6 bxc6 8. Nxe5 Nf6 9. Nxc6 Qd6 10. e5 Qxc6 11. exf6 Qxf6 12. Nxd5 Qe6+ 13. Ne3 Bd6 14. Qf3 Rb8 15. Qd5 O-O 16. Qxe6 Bxe6 17. O-O Bc5 18. c3 Bb6 19. d4 f5 20. d5 Bc8 21. Nc4 Rb7 22. d6 Be6 23. Ne5 Bc5 24. Rd1 Rd8 25. d7 Bxd7 26. Nc6 Re8 27. b4 Bb6 28. b5 Rc7 29. Bf4 Rcc8 30. Rxd7 Re4 31. Ne7+ Rxe7 32. Rxe7 Rxc3 33. Be5 Rc7 1-0

[Event "Live Chess"]
[Site "Chess.com"]
[Date "2011.01.24"]
[Round "-"]
[White "Alto11"]
[Black "hipposcottimus"]
[Result "0-1"]
[CurrentPosition "r1b2rk1/p1p3pp/2pb4/3n4/3Np3/1P6/PBP2PPq/RN2QRK1 w - -"]
[Timezone "UTC"]
[ECO "C55"]
[ECOUrl "https://www.chess.com/openings/Italian-Game-Two-Knights-Modern-Bishops-Opening-4...d5-5.exd5-Nxd5"]
[UTCDate "2011.01.24"]
[UTCTime "00:04:55"]
[WhiteElo "1399"]
[BlackElo "1442"]
[TimeControl "600+2"]
[Termination "hipposcottimus won by checkmate"]
[StartTime "00:04:55"]
[EndDate "2011.01.24"]
[EndTime "00:08:21"]
[Link "https://www.chess.com/game/live/90700396"]

1. e4 e5 2. Nf3 Nc6 3. Bc4 Nf6 4. d3 d5 5. exd5 Nxd5 6. Bb5 Bd6 7. O-O O-O 8. Bxc6 bxc6 9. b3 f5 10. Bb2 e4 11. dxe4 fxe4 12. Nd4 Qh4 13. Qe1 Qxh2# 0-1

[Event "Live Chess"]
[Site "Chess.com"]
[Date "2011.01.23"]
[Round "-"]
[White "madturk"]
[Black "hipposcottimus"]
[Result "0-1"]
[CurrentPosition "1k6/1pp1K3/p7/8/6N1/8/8/7q w - -"]
[Timezone "UTC"]
[ECO "C23"]
[ECOUrl "https://www.chess.com/openings/Bishops-Opening-2...Nc6-3.d3-Nf6"]
[UTCDate "2011.01.23"]
[UTCTime "23:53:20"]
[WhiteElo "1374"]
[BlackElo "1435"]
[TimeControl "600"]
[Termination "hipposcottimus won by resignation"]
[StartTime "23:53:20"]
[EndDate "2011.01.24"]
[EndTime "00:03:31"]
[Link "https://www.chess.com/game/live/90697660"]

1. e4 e5 2. Bc4 Nc6 3. d3 Nf6 4. Bg5 d5 5. Bxf6 Qxf6 6. Bxd5 Bc5 7. Qf3 Nd4 8. Qxf6 gxf6 9. Bb3 Be6 10. Kd2 Bxb3 11. axb3 f5 12. Ne2 fxe4 13. Nxd4 Bxd4 14. c3 Bxf2 15. dxe4 O-O-O+ 16. Ke2 Bb6 17. Nd2 Rhg8 18. g3 Rg4 19. Rhd1 h5 20. Kf3 Rg5 21. h4 Rg4 22. Nc4 Rdg8 23. Rg1 Bxg1 24. Rxg1 a6 25. Nxe5 Rxh4 26. Rd1 Rh3 27. Nxf7 Rgxg3+ 28. Kf4 Kb8 29. Nh6 Rf3+ 30. Ke5 Rf2 31. Rb1 Rhh2 32. Ke6 Rxb2 33. Rxb2 Rxb2 34. Ke7 Rxb3 35. e5 Rxc3 36. e6 h4 37. Kf7 h3 38. e7 Rf3+ 39. Kg6 Re3 40. Kf7 h2 41. Ng4 Rxe7+ 42. Kxe7 h1=Q 0-1